AoeStats
← orteguitafc

Arena

508519829Analyzed
2v2 RM · 8d ago on Sep 22, 2026· 50m 35s· 4 players
Game mode
Random Map
Map size
Medium (4 player)
Population
200
Speed
Normal
Resources
Standard
Victory
Conquest
Starting age
Dark Age
Ending age
Imperial Age
RankedLock teamsTeams togetherTeam positionsShared explorationLock speedFull tech treeHidden civsTurbo modeCheats
Victory
Defeat
🇨🇭 Bohemians · Switzerland
755
+14
🇮🇳 Mongols · India
720
+16
🇦🇷 Goths · Argentina
718
-15
🇬🇧 Khmer · United Kingdom
716
-15
SirCalalot
1:55 Loom
10:50 Feudal Age
12:09 Wheelbarrow
12:38 Town Watch
14:26 Stone Mining
16:57 Castle Age
15:52 Double-Bit Axe
23:48 Hand Cart
29:39 Town Patrol
30:43 Horse Collar
32:08 Fortified Wall
32:18 Ballistics
33:34 Bow Saw
34:10 Murder Holes
34:27 Masonry
34:39 Heavy Plow
38:59 Imperial Age
36:31 Light Cavalry
39:45 Double Crossbow
40:52 Crop Rotation
40:43 Hussar
41:34 Bloodlines
43:06 Pikeman
48:36 Heavy Scorpion
orteguitafc
3:33 Loom
11:50 Feudal Age
12:20 Double-Bit Axe
20:02 Castle Age
19:06 Stone Mining
19:16 Gold Mining
21:28 Elite Skirmisher
21:32 Crossbowman
23:05 Bow Saw
22:32 Pikeman
25:33 Murder Holes
27:10 Town Watch
28:01 Wheelbarrow
28:09 Horse Collar
35:07 Imperial Age
33:47 Anarchy
34:08 Squires
36:14 Halberdier
39:15 Chemistry
43:51 Perfusion
47:04 Fletching
47:15 Padded Archer Armor
47:26 Forging
BabaYaga0701356
10:31 Feudal Age
16:26 Castle Age
29:24 Imperial Age
28:35 Chemistry
28:15 Wheelbarrow
29:40 Hand Cart
31:23 Double-Bit Axe
33:07 Squires
32:54 Arson
32:30 Pikeman
33:59 Halberdier
38:06 Bow Saw
37:43 Horse Collar
38:26 Ballistics
38:13 Siege Engineers
38:04 Murder Holes
38:20 Fortified Wall
41:47 Houfnice
Bane24
11:07 Feudal Age
16:07 Castle Age
14:15 Horse Collar
14:29 Double-Bit Axe
15:02 Gold Mining
15:14 Gold Mining
19:05 Stone Mining
22:20 Stone Shaft Mining
22:55 Bow Saw
24:36 Heavy Plow
26:31 Gold Shaft Mining
28:06 Nomads
31:31 Imperial Age
30:13 Herbal Medicine
31:10 Wheelbarrow
30:48 Scale Barding Armor
32:06 Bloodlines
31:57 Husbandry
31:18 Light Cavalry
33:13 Caravan
33:22 Elite Steppe Lancer
35:54 Chain Barding Armor
35:35 Scale Mail Armor
35:46 Forging
35:27 Fletching
35:38 Padded Archer Armor
35:34 Capped Ram
36:30 Siege Ram
38:08 Hand Cart
38:26 Onager
40:09 Hussar
41:51 Drill
Connection lost

Rejoining the realm…

Still unreachable

The connection could not be restored.

Session expired

The server has moved on; the page needs a fresh start.